 Dungeon Crawl Stone Soup version 0.29-a0-551-gffc1d7fb78 (webtiles) character file.

Game seed: 9798406286674332577

15 lmSkywalker the Grasshopper (level 2, 26/26 HPs)
             Began as a Gnoll Warper on Feb 3, 2022.
             Quit the game on level 1 of the Dungeon on June 5, 2022.
             The game lasted 00:01:43 (760 turns).

lmSkywalker the Grasshopper (Gnoll Warper)           Turns: 760, Time: 00:01:43

Health: 26/26      AC:  4    Str: 10    XL:     2   Next: 50%
Magic:  7/7        EV: 12    Int: 12    God:
Gold:   40         SH:  0    Dex: 11    Spells: 10/10 levels left

rFire   . . .      SeeInvis .   a - +0 hand axe
rCold   . . .      Faith    .   (no shield)
rNeg    . . .      Spirit   .   b - +0 leather armour
rPois   .          Reflect  .   (no helmet)
rElec   .          Harm     .   (no cloak)
rCorr   .          Rampage  .   (no gloves)
Will    .....                   g - +0 pair of boots
Stlth   +.........              (no amulet)
HPRegen 0.08/turn               (no ring)
MPRegen 0.10/turn               (no ring)

@: no status effects
A: fangs 1, strong nose, distributed training
a: no special abilities


You were on level 1 of the Dungeon.
You visited 1 branch of the dungeon, and saw 1 of its levels.

You collected 40 gold pieces.

Inventory:

Hand Weapons
 a - a +0 hand axe (weapon)
Missiles
 d - 5 boomerangs of dispersal (quivered)
 i - 62 stones
Armour
 b - a +0 leather armour (worn)
 g - a +0 pair of boots (worn)
Scrolls
 c - a scroll of blinking
 f - a scroll of fear {unknown}
 h - a scroll of brand weapon {unknown}
 j - a scroll of immolation {unknown}
 k - a scroll of silence {unknown}
Potions
 e - 2 potions of haste {unknown}


   Skills:
 + Level 4.5 Fighting
 + Level 0.4 Short Blades
 + Level 0.4 Long Blades
 + Level 4.5 Axes
 + Level 0.4 Maces & Flails
 + Level 0.4 Polearms
 + Level 0.4 Staves
 + Level 0.4 Slings
 + Level 0.4 Bows
 + Level 0.4 Crossbows
 + Level 2.5 Throwing
 + Level 2.5 Armour
 + Level 4.5 Dodging
 + Level 0.4 Stealth
 + Level 0.4 Shields
 + Level 0.4 Unarmed Combat
 + Level 4.9 Spellcasting
 + Level 0.2 Conjurations
 + Level 0.2 Hexes
 + Level 0.2 Summonings
 + Level 0.2 Necromancy
 + Level 5.3 Translocations
 + Level 0.2 Transmutations
 + Level 0.2 Fire Magic
 + Level 0.2 Ice Magic
 + Level 0.2 Air Magic
 + Level 0.2 Earth Magic
 + Level 0.2 Poison Magic
 + Level 0.5 Invocations
 + Level 0.4 Evocations


You had 10 spell levels left.
You didn't know any spells.
Your spell library contained the following spells:

 Spells                   Type           Power      Damage    Failure   Level
 Blink                    Tloc           30%        N/A       4%          2
 Gell's Gravitas          Tloc           15%        N/A       9%          3
 Lesser Beckoning         Tloc           15%        N/A       9%          3
 Teleport Other           Tloc           15%        N/A       9%          3
 Manifold Assault         Tloc           15%        N/A       63%         5


Dungeon Overview and Level Annotations

Branches:
Dungeon (1/15)

Altars:


Innate Abilities, Weirdness & Mutations

You have very sharp teeth.
Your uncanny sense of smell can sniff out nearby items.
Your experience applies equally to all skills.


Message History

A frilled lizard comes into view.
A frilled lizard is nearby!
Found a stone staircase leading down.
The frilled lizard barely misses you.
You miss the frilled lizard.
The frilled lizard bites you but does no damage.
You miss the frilled lizard. The frilled lizard misses you. x2
You closely miss the frilled lizard.
The frilled lizard bites you but does no damage.
You closely miss the frilled lizard. The frilled lizard closely misses you.
You hit the frilled lizard.
You kill the frilled lizard!
No target in view!
You open the door.
There is an open door here.
You open the door.
There is an open door here.
There is an open door here.
There is an open door here.
There is an open door here.
There is an open door here.
You see here a +0 robe.
i - 62 stones (gained 22)
You see here a +0 robe.
There is an open door here.
There is an open door here.
There is an open door here.
There is a staircase leading out of the dungeon here.
There is an open door here.
There is an open door here.
There is an open door here.
Done exploring.
Done exploring.
Done exploring.
Done exploring.
Welcome back, lmSkywalker the Gnoll Warper.
Press ? for a list of commands and other information.
Welcome back, lmSkywalker the Gnoll Warper.
Press ? for a list of commands and other information.
Are you sure you want to abandon this character and quit the game? (Confirm with "yes".)

#.#####.....#.# #........##.#.#
########......#### ###.......#
####### #..####.# #.....#
#..).##.# #.....###.##.##.#
#............##.#
#......##......@#
#..#...#####.####
#.###........# ##.#.#.##.##.#
##.##.......# #######.#########
###.##......#########
######......##.......#...##
#.......>##.##.#.###...#..#####


There were no monsters in sight!

Vanquished Creatures
  2 giant cockroaches (D:1)
  2 goblins (D:1)
  2 hobgoblins (D:1)
  A kobold (D:1)
  A ball python (D:1)
  2 bats (D:1)
  2 frilled lizards (D:1)
  3 rats (D:1)
15 creatures vanquished.

Notes
Turn   | Place    | Note
-------+----------+-------------------------------------------
     0 | D:1      | lmSkywalker the Gnoll Warper began the quest for the Orb.
     0 | D:1      | Reached XP level 1. HP: 20/20 MP: 6/6
   334 | D:1      | Reached XP level 2. HP: 26/26 MP: 7/7
   430 | D:1      | Found a faded altar of an unknown god.
   760 | D:1      | Upgraded the game from 0.29-a0-72-g1732ff48e7 to
                  | 0.29-a0-551-gffc1d7fb78
   760 | D:1      | Quit the game

Illustrated notes

Levels and vault maps discovered:
D:1:      minmay_arrival_doors, layout_loops_cross,
          ebering_ecumenical_altar_sacrificial

Action                   || total
-------------------------++-------
Melee: Hand axe          ||    37
       Bite              ||     1
Armor: Leather armour    ||     8
Dodge: Dodged            ||    25

Table legend: (Time is in decaauts)
 A = Elapsed time spent in this place.
 B = Non-inter-level travel time spent in this place.
 C = Inter-level travel time spent in this place.
 D = Time resting spent in this place.
 E = Time spent auto-exploring this place.
 F = Levels seen in this place.
 G = Mean time per level.
                   A        B        C        D        E       F      G
               +--------+--------+--------+--------+--------+-----+--------+
         Total |    763 |    763 |      0 |      0 |    628 |   1 |  763.0 |
       Dungeon |    763 |    763 |      0 |      0 |    628 |   1 |  763.0 |
               +--------+--------+--------+--------+--------+-----+--------+

Top non-repeatable levels by time:
     D:1: 763 daAuts
